 Dungeon Crawl Stone Soup version 0.18-a0-19-g8b99b3a (webtiles) character file.

235 hexophile the Chopper (level 5, 0/45 HPs)
             Began as a Centaur Fighter on Nov 1, 2015.
             Slain by a hound (4 damage)
             ... on level 4 of the Dungeon.
             The game lasted 00:03:42 (2547 turns).

hexophile the Chopper (Centaur Fighter)             Turns: 2547, Time: 00:03:42

Health: 0/45       AC:  6    Str: 20    XL:     5   Next: 76%
Magic:  5/5        EV:  2    Int:  7    God:
Gold:   125        SH:  0    Dex:  8    Spells: 0 memorised, 4 levels left

rFire  + . .     SeeInvis .     a - +1 war axe
rCold  . . .     Clarity  .     b - +0 scale mail
rNeg   . . .     SustAt   .     (no shield)
rPois  .         Gourm    .     (no helmet)
rElec  .         Spirit   .     (no cloak)
rCorr  +         Warding  .     (no gloves)
rMut   .         Stasis   .     (no barding)
MR     .....                    s - amulet of resist corrosion {rCorr}
Stlth  ..........               (no ring)
                                i - ring of protection from fire {rF+}

@: very quick, not resistant to hostile enchantments, extremely unstealthy
A: hooves 3, deformed body, speed 2, tough skin 3
a: no special abilities


You were on level 4 of the Dungeon.
You were not hungry.

You visited 1 branch of the dungeon, and saw 4 of its levels.

You collected 125 gold pieces.


Innate Abilities, Weirdness & Mutations

You have hooves in place of feet.
Armour fits poorly on your strangely shaped body.
You cover ground very quickly.
You have extremely tough skin (AC +3).

Inventory:

Hand Weapons
 a - a +1 war axe (weapon)
Missiles
 f - 16 poisoned needles
Armour
 b - a +0 scale mail (worn)
Jewellery
 i - a ring of protection from fire (left hand) {rF+}
 s - an amulet of resist corrosion (around neck) {rCorr}
Scrolls
 h - a scroll of remove curse {unknown}
 k - a scroll of magic mapping {unknown}
 t - a scroll of enchant armour {unknown}
Potions
 d - a potion of might
 g - a potion of cancellation
 j - a potion of brilliance {unknown}
 l - a potion of invisibility {unknown}
 n - 2 potions of haste {unknown}
 q - 3 potions of lignification {unknown}
 r - a potion of mutation {unknown}
Comestibles
 e - 3 bread rations


You had 4 spell levels left.
You didn't know any spells.


   Skills:
 - Level 3.0 Fighting
 + Level 5.5 Axes
 - Level 2.1 Armour
   Level 2.1 Shields

Dungeon Overview and Level Annotations

Branches:
Dungeon (4/15)
 Temple: D:4-7

Altars:

Vault maps used:
D:1:      dpeg_arrival_solitude
D:2:      first_bread
D:3:      hangedman_decor_points
D:4:      uniq_crazy_yiuf_cottage, uniq_eustachio, uniq_edmund
You       could see a hound and 2 adders.


Message History

You are poisoned.
The adder poisons you!
You take 4 damage, and have 13/45 hp.
Unknown command.
You closely miss the adder. Your kick misses the adder.
The adder is moderately wounded.
You feel sick. The adder bites you but does no damage.
You take 1 damage, and have 12/45 hp.
You closely miss the adder. Your kick misses the adder.
The adder is moderately wounded.
You feel sick. The adder bites you.
* * * LOW HITPOINT WARNING * * *
The adder bites you but does no damage.
You take 1 damage, and have 11/45 hp.
The adder barely misses you.
A gnoll comes into view. It is wielding a halberd.
The gnoll shouts!
The adder bites you but does no damage.
You feel sick.
You take 1 damage, and have 10/45 hp.
Found 19 stones.
You feel sick.
You see here 19 stones.
An adder comes into view.
You feel sick.
You take 1 damage, and have 9/45 hp.
Found 11 gold pieces.
The adder bites you but does no damage.
You hit the adder.
The adder is heavily wounded.
The adder bites you but does no damage.
A hound comes into view.
You feel sick.
The hound barks!
The adder barely misses you.
You take 1 damage, and have 9/45 hp.
The adder bites you but does no damage.
Found a stone staircase leading up.
Found a scroll of identify.
Found a stone staircase leading down.
You feel sick.
You are no longer poisoned.
The hound bites you.
* * * LOW HITPOINT WARNING * * *
You take 4 damage, and have 5/45 hp.
There is a stone staircase leading up here.
The hound bites you.
* * * LOW HITPOINT WARNING * * *
The hound bites you.
You die...

Action                   |  1- 3 |  4- 6 || total
-------------------------+-------+-------++-------
Melee: War axe           |   101 |    85 ||   186
  Use: Scroll            |       |     5 ||     5
       Potion            |       |     3 ||     3
 Stab: Distracted        |       |     1 ||     1
  Eat: Chunk             |     1 |     3 ||     4

Notes
Turn   | Place    | Note
--------------------------------------------------------------
     0 | D:1      | hexophile the Centaur Fighter began the quest for the Orb.
     0 | D:1      | Reached XP level 1. HP: 19/19 MP: 1/1
   111 | D:1      | Reached skill level 2 in Axes
   386 | D:1      | Reached XP level 2. HP: 23/26 MP: 2/2
   972 | D:2      | Reached skill level 3 in Axes
  1340 | D:2      | Reached XP level 3. HP: 21/31 MP: 3/3
  1684 | D:2      | Reached XP level 4. HP: 34/38 MP: 4/4
  1724 | D:3      | Reached skill level 4 in Axes
  1991 | D:3      | Reached skill level 5 in Axes
  1991 | D:3      | Reached XP level 5. HP: 37/45 MP: 5/5
  2547 | D:4      | Slain by a hound

Table legend:
 A = Turns spent in this place as a percentage of turns spent in the entire game.
 B = Non-inter-level travel turns spent in this place as a percentage of non-inter-level travel turns spent in the entire game.
 C = Inter-level travel turns spent in this place as a percentage of turns spent in this place.
 D = Turns resting spent in this place as a percentage of non-inter-level travel turns spent in this place.
 E = Turns spent auto-exploring this place as a percentage of non-inter-level travel turns spent in this place.
 F = Non-inter-level travel turns spent in this place divided by the number of levels of this place that you've seen.
                   A       B       C       D       E      F
               +-------+-------+-------+-------+-------+----------------------
         Total | 100.0 | 100.0 |   0.4 |   2.1 |  10.1 | 210.0
       Dungeon | 100.0 | 100.0 |   0.4 |   2.1 |  10.1 | 210.0
               +-------+-------+-------+-------+-------+----------------------

Table legend:
 A = Kills in this place as a percentage of kills in entire the game.
 B = Kills by you in this place as a percentage of kills by you in the entire game.
 C = Kills by friends in this place as a percentage of kills by friends in the entire game.
 D = Other kills in this place as a percentage of other kills in the entire game.
 E = Experience gained in this place as a percentage of experience gained in the entire game.
 F = Experience gained in this place divided by the number of levels of this place that you have seen.
                   A       B       C       D       E      F
               +-------+-------+-------+-------+-------+----------------------
         Total | 100.0 | 100.0 |  -nan |  -nan | 100.0 |  84.2
       Dungeon | 100.0 | 100.0 |  -nan |  -nan | 100.0 |  84.2
               +-------+-------+-------+-------+-------+----------------------

Vanquished Creatures
  A crimson imp (D:3)
  An orc priest (D:3)
  An orc wizard (D:3)
  A worker ant (D:4)
  A hound skeleton (D:4)
  4 adders
  An ooze (D:4)
  4 worms (D:2)
  A giant gecko (D:3)
  An orc (D:3)
  4 giant cockroaches
  8 goblins
  5 hobgoblins
  6 bats
  3 giant newts
  6 jackals (D:3)
  5 kobolds
  9 rats
62 creatures vanquished.
